 Dungeon Crawl Stone Soup version 0.18-a0-117-g77bb7e1 (webtiles) character file.

133 MrRokkomies the Vexing (level 5, -2/24 HPs)
             Began as a Vine Stalker Enchanter on Nov 18, 2015.
             Was a Follower of Nemelex Xobeh.
             Slain by a quokka (3 damage)
             ... on level 3 of the Dungeon.
             The game lasted 00:08:10 (1812 turns).

MrRokkomies the Vexing (Vine Stalker Enchanter)     Turns: 1812, Time: 00:08:10

Health: -2/24      AC:  3    Str: 16    XL:     5   Next: 16%
Magic:  0/9        EV: 12    Int: 21    God:    Nemelex Xobeh [*.....]
Gold:   97         SH:  0    Dex: 14    Spells: 2 memorised, 5 levels left

rFire  . . .     SeeInvis .     a - +2 dagger (freeze)
rCold  + . .     Clarity  .     b - +1 robe
rNeg   . . .     SustAt   .     (no shield)
rPois  .         Gourm    .     (no helmet)
rElec  .         Spirit   +     (no cloak)
rCorr  .         Warding  .     (no gloves)
rMut   .         Stasis   .     (no boots)
MR     .....                    (no amulet)
Stlth  +++.......               (no ring)
                                h - ring of protection from cold

@: mighty, brilliant, lethally poisoned (-2 -> -22), slowed, very slow, not
resistant to hostile enchantments, fairly stealthy
A: fangs 2, regeneration 1, magic shield, antimagic bite, no device heal 3, rot
immunity
a: Renounce Religion


You were on level 3 of the Dungeon.
You worshipped Nemelex Xobeh.
Nemelex Xobeh was aware of your devotion.
You were not hungry.

You visited 1 branch of the dungeon, and saw 3 of its levels.

You collected 97 gold pieces.

Inventory:

Hand Weapons
 a - a +2 dagger of freezing (weapon)
Missiles
 j - 49 poisoned needles
Armour
 b - a +1 robe (worn)
Jewellery
 h - a ring of protection from cold (left hand)
 m - an uncursed ring of fire
Wands
 s - a wand of random effects (5)
Scrolls
 e - 2 scrolls of remove curse
 g - 2 scrolls of immolation {unknown}
 l - a scroll of blinking {unknown}
 p - a scroll of magic mapping
Potions
 f - 2 potions of haste
 k - a potion of agility
 o - a potion of brilliance
Books
 c - a book of Maledictions

   Spells                             Type                      Level
   a - Corona                         Hexes                        1
   b - Ensorcelled Hibernation        Hexes/Ice                    2
   c - Confuse                        Hexes                        3
   d - Tukima's Dance                 Hexes                        3
   e - Dazzling Spray                 Conjuration/Hexes            3
Miscellaneous
 i - a plain deck of war {drawn: 2}
Comestibles
 d - 2 bread rations
 n - 2 meat rations
 q - 4 chunks of flesh


   Skills:
 - Level 0.8 Short Blades
 - Level 1.5 Dodging
 + Level 4.8 Stealth
 - Level 2.1 Spellcasting
 * Level 5.1 Hexes


You had 5 spell levels left.
You knew the following spells:

 Your Spells              Type           Power        Failure   Level  Hunger
a - Corona                Hex            #####..      1%          1    #......
b - Ensorcelled Hibernat  Hex/Ice        ####..       1%          2    ##.....


Dungeon Overview and Level Annotations

Branches:
Dungeon (3/15)

Altars:
Nemelex Xobeh
Okawaru
Trog

Annotations:
D:3 Proton's ghost, amateur NaFi


Innate Abilities, Weirdness & Mutations

You have extremely sharp teeth.
Your natural rate of healing is unusually fast.
When hurt, damage is shared between your health and your magic reserves.
Your bite disrupts and absorbs the magic of your enemies.
Potions and wands cannot restore your health.
You are immune to rotting.


Message History

The kobold shoots a curare-tipped needle.
The curare-tipped needle barely misses you.
The quokka misses you.
The adder moves out of view.
The quokka barely misses you.
Evoke which item? (* to show all) (? for menu, Esc to quit)
Zapping:
s - a wand of random effects {zapped: 3} (will waste charges)
Press: ? - help, Shift-Dir - straight line, f/p - kobold
Aim: a kobold, wielding a blowgun The kobold is charmed.
Evoking this partially-identified wand wasted a few charges.
* * * LOW HITPOINT WARNING * * *
You feel very sick. The adder bites you.
* * * LOW HITPOINT WARNING * * *
Your kobold shoots a curare-tipped needle.
The curare-tipped needle hits the adder.
The adder is poisoned.
The adder convulses.
The adder seems to slow down.
The quokka bites you.
You die...
Your body disappears without a glow.

#########
##.......#
##..⌠...S..
#........K.
#.....⌠....
#..<.....>.
#.r...⌠....
#.@...$....
##.S⌠...⌠..
##.......#
<....$...
...$.....
##..>.....
....##
#........
...>.#
#.?......
.....##


You could see 2 adders, a quokka and a friendly kobold.

Vanquished Creatures
  6 gnolls
  2 adders (D:2)
  An ooze (D:3)
  A worm (D:2)
  An orc (D:2)
  2 ball pythons (D:1)
  A giant cockroach (D:3)
  6 goblins
  5 hobgoblins
  4 jackals
  4 kobolds
  A quokka (D:3)
  5 bats
  9 rats
48 creatures vanquished.

Vanquished Creatures (collateral kills)
  A gnoll (D:3)
1 creature vanquished.

Grand Total: 49 creatures vanquished

Notes
Turn   | Place    | Note
--------------------------------------------------------------
     0 | D:1      | MrRokkomies the Vine Stalker Enchanter began the quest for the Orb.
     0 | D:1      | Reached XP level 1. HP: 9/9 MP: 4/4
   103 | D:1      | Found a sparkling altar of Nemelex Xobeh.
   111 | D:1      | Became a worshipper of Nemelex Xobeh the Trickster
   226 | D:1      | Reached XP level 2. HP: 13/13 MP: 4/6
   240 | D:1      | Learned a level 2 spell: Ensorcelled Hibernation
   261 | D:1      | Received a gift from Nemelex Xobeh
   655 | D:2      | Found a bloodstained altar of Trog.
   783 | D:2      | Reached skill level 4 in Stealth
   813 | D:2      | Reached XP level 3. HP: 14/16 MP: 4/7
  1144 | D:2      | Found an iron altar of Okawaru.
  1212 | D:2      | Reached XP level 4. HP: 18/21 MP: 0/8
  1310 | D:3      | Noticed an insubstantial wisp
  1310 | D:3      | Noticed an insubstantial wisp
  1512 | D:3      | Reached * piety under Nemelex Xobeh
  1680 | D:3      | Noticed Proton's ghost (amateur NaFi)
  1714 | D:2      | Reached skill level 5 in Hexes
  1714 | D:2      | Reached XP level 5. HP: 14/24 MP: 2/9
  1812 | D:3      | HP: 1/24 [adder (1)]
  1812 | D:3      | Slain by a quokka

Vault maps used:
D:1:      dpeg_arrival_ratfight, nemelex_xobeh_ov_fountains_minmay
D:2:      okawaru_metal_pillars_1_2, bloody_trog, item_on_display_a
D:3:      serial_glass, glass_columns_a, glass_columns_b, grunt_ministairs_10

Action                   |  1- 3 |  4- 6 || total
-------------------------+-------+-------++-------
Melee: Dagger            |    71 |    42 ||   113
 Cast: Corona            |     1 |       ||     1
       Ensorcelled Hiber |     6 |     4 ||    10
Evoke: Deck              |       |     2 ||     2
       Wand              |       |     2 ||     2
  Use: Scroll            |     6 |       ||     6
       Potion            |       |     2 ||     2
 Stab: Sleeping          |    10 |     2 ||    12
  Eat: Chunk             |     1 |     3 ||     4
